 Dungeon Crawl Stone Soup version 0.32-a0-172-gc5dd13f2a7 (webtiles) character file.

Game seed: 15451139928262736430

714 inqbanana the Scratcher (level 7, -11/37 HPs)
             Began as a Felid Monk on Feb 12, 2024.
             Was a High Priest of Ignis.
             Killed by divine providence
             ... invoked by an orc priest
              (14 damage)
             ... on level 4 of the Dungeon on Feb 13, 2024.
             The game lasted 00:12:00 (3409 turns).

inqbanana the Scratcher (Felid Monk)                Turns: 3409, Time: 00:12:01

Health: -11/37     AC:  2    Str:  7    XL:     7   Next: 41%
Magic:  10/10      EV: 21    Int: 15    God:    Ignis [*****.]
Gold:   271        SH:  0    Dex: 19    Spells: 5/9 levels left
                                        Lives:  0   Deaths: 3

rFire   + +          .
                       - Unarmed
rCold   . . .        (shield unavailable)
rNeg    . . .        (body armour unavailable)
rPois   .            (helmet unavailable)
rElec   .            (cloak unavailable)
rCorr   .            (gloves unavailable)
SInv    +            (boots unavailable)
Will    +....        g - amulet of the acrobat
Stlth   +++          m - ring of protection from fire
HPRegen 0.26/turn    (no ring)
MPRegen 0.12/turn

%: acrobat
@: no status effects
A: very small, claws 1, fangs 3, see invisible, shaggy fur 2, stealthy paws, no
weapons or thrown items, no armour, multi-lived, sense surroundings 1, inability
to read after injury 1
a: Renounce Religion, Fiery Armour, Foxfire Swarm, Rising Flame


You were on level 4 of the Dungeon.
You worshipped Ignis.
Ignis was extremely pleased with you.
You visited 1 branch of the dungeon, and saw 4 of its levels.

You collected 271 gold pieces.

Inventory:

Jewellery
 g - an amulet of the acrobat (around neck)
 k - a ring of fire
 m - a ring of protection from fire (left paw)
Scrolls
 b - a scroll of revelation {unknown}
 d - 3 scrolls of identify {unknown}
 h - a scroll of amnesia {unknown}
 i - a scroll of immolation {unknown}
 l - a scroll of fear {unknown}
 n - a scroll of vulnerability {unknown}
Potions
 a - 2 potions of ambrosia
 c - a potion of attraction
 e - 3 potions of curing
 f - a potion of heal wounds {unknown}
 j - 2 potions of degeneration {unknown}


   Skills:
 + Level 4.2 Fighting
 + Level 5.8 Dodging
 + Level 4.2 Stealth
 + Level 5.8 Unarmed Combat
 + Level 1.9 Spellcasting
 + Level 3.3 Hexes


You had 5 spell levels left.
You knew the following spells:

 Your Spells              Type           Power      Damage    Failure   Level
a - Ensorcelled Hibernat  Hex/Ice        12%        N/A       17%         2
b - Jinxbite              Hex            22%        N/A       9%          2

Your spell library contained the following spells:

 Spells                   Type           Power      Damage    Failure   Level
 Fugue of the Fallen      Necr           1%         N/A       56%         3
 Anguish                  Hex/Necr       3%         N/A       75%         4
 Yara's Violent Unravell  Hex/Alch       3%         3d4       97%         5
 Enfeeble                 Hex            5%         N/A       100%        7


Dungeon Overview and Level Annotations

Branches:
Dungeon (4/15)
 Temple: D:4-7

Altars:
Dithmenos
Gozag
Qazlal
Sif Muna
Ignis

Shops:
D:1 (


Innate Abilities, Weirdness & Mutations

You have sharp claws.
You have razor-sharp teeth.
You have supernaturally acute eyesight. (SInv)
You are covered in thick fur. (AC +2)
Your paws help you pounce on unaware monsters.
You are incapable of wielding weapons or throwing items.
You cannot wear armour.
You gain extra lives every three experience levels.
You passively map a small area around you.
You occasionally lose the ability to read scrolls when taking damage.


Message History

You are too injured to fight recklessly!
You are too injured to fight recklessly!
You are too injured to fight recklessly!
You are too injured to fight recklessly!
You are too injured to fight recklessly!
You are too injured to fight recklessly!
You closely miss the orc priest.
You bite the orc priest, but do no damage.
The orc priest is moderately wounded.
The orc priest hits you with a +0 hand axe!
* * * LOW HITPOINT WARNING * * *
You closely miss the orc priest.
The orc priest is moderately wounded.
The orc priest barely misses you.
The orc priest calls upon Beogh to heal the orc priest.
The orc priest's wounds heal themselves!
You claw the orc priest! Your claw misses the orc priest.
You bite the orc priest.
The orc priest is severely wounded.
The orc priest misses you.
The orc priest calls upon Beogh to heal the orc priest.
The orc priest is healed somewhat.
You scratch the orc priest. You claw the orc priest.
You bite the orc priest, but do no damage.
The orc priest is severely wounded.
The orc priest hits you with a +0 hand axe.
* * * LOW HITPOINT WARNING * * *
You claw the orc priest!
You kill the orc priest!
The orc priest calls down the wrath of Beogh upon you.
You resist with significant effort. The orc priest completely misses you.
You see here a +0 hand axe.
You scratch the orc priest but do no damage.
You bite the orc priest, but do no damage.
The orc priest is severely wounded.
The orc priest invokes the aid of Beogh against you.
Beogh smites you!
You die...
Ignis goes out, and joins you in death.

# #.o.......... ##..##
#...............#
##..##
#.......[.......#
##..## #.............#
##..# #............#
##.. #..........#* ##.
# #.........# ## #
#.......# # #
##.†$)o@.# # ####
###..#......# #
...#####...######....#
* .....##..### #......
, , ........## ......
...#..†## #### *
...... ...).######..##
....., ,..r.
....#####.....# *
..... ......
...####.......##
......


You could see an orc priest.

Vanquished Creatures
  An ice beast (D:4)
  An ogre (D:4)
  2 phantoms (D:4)
  A bullfrog (D:3)
  A scorpion (D:4)
  A hound (D:4)
  An orc priest (D:4)
  3 orc wizards (D:4)
  7 adders
  2 dart slugs
  A ribbon worm (D:3)
  4 orcs
  6 ball pythons
  5 bats
  5 endoplasms
  3 giant cockroaches
  4 goblins
  5 hobgoblins
  4 jackals (D:1)
  A quokka (D:2)
  2 frilled lizards
  5 kobolds
  6 rats
71 creatures vanquished.

Vanquished Creatures (others)
  14 foxfires (D:4)
14 creatures vanquished.

Grand Total: 85 creatures vanquished

Notes
Turn   | Place    | Note
-------+----------+-------------------------------------------
     0 | D:1      | inqbanana the Felid Monk began the quest for the Orb.
     0 | D:1      | Reached XP level 1. HP: 12/12 MP: 2/2
     3 | D:1      | Found Zuhake's Antique Weapon Emporium.
   291 | D:1      | Reached XP level 2. HP: 16/16 MP: 3/3
   440 | D:1      | Found a faded altar of an unknown god.
   450 | D:1      | Prayed at the altar of an unknown god.
   450 | D:1      | Became a worshipper of Ignis, the Dying Flame
   450 | D:1      | Reached ****** piety under Ignis
   821 | D:2      | Found an opulent altar of Gozag.
   826 | D:2      | Reached XP level 3. HP: 14/20 MP: 4/4
  1088 | D:2      | Reached skill level 1 in Stealth
  1444 | D:3      | Found a stormy altar of Qazlal.
  1729 | D:3      | Reached XP level 4. HP: 15/24 MP: 5/5
  1729 | D:3      | Gained a life (2 lives remaining)
  1877 | D:3      | Noticed a bullfrog
  1881 | D:3      | Killed a bullfrog
  1882 | D:3      | Reached skill level 5 in Unarmed Combat
  1882 | D:3      | Reached XP level 5. HP: 19/28 MP: 6/6
  2199 | D:3      | Learned a level 2 spell: Ensorcelled Hibernation
  2202 | D:3      | Learned a level 2 spell: Jinxbite
  2231 | D:4      | Noticed an ice beast
  2244 | D:4      | Slain by an ice beast
  2244 | D:4      | Lost a life (1 life remaining)
  2343 | D:4      | Found a shimmering blue altar of Sif Muna.
  2348 | D:4      | Noticed a phantom
  2373 | D:4      | Killed a phantom
  2374 | D:4      | Reached skill level 1 in Hexes
  2461 | D:4      | Reached skill level 5 in Dodging
  2461 | D:4      | Gained mutation: You are covered in thick fur. (AC +2)
                  | [Felid growth]
  2461 | D:4      | Reached XP level 6. HP: 32/32 MP: 6/8
  2610 | D:4      | Gained mutation: You occasionally lose the ability to read
                  | scrolls when taking damage. [potion of mutation]
  2610 | D:4      | Gained mutation: You passively map a small area around you.
                  | [potion of mutation]
  2625 | D:4      | Reached skill level 1 in Spellcasting
  2917 | D:4      | Killed an ice beast
  2918 | D:4      | Reached XP level 7. HP: 23/37 MP: 8/10
  2918 | D:4      | Gained a life (2 lives remaining)
  3028 | D:4      | Found a shadowy altar of Dithmenos.
  3287 | D:4      | HP: 1/37 [orc priest/divine providence (14)]
  3289 | D:4      | Mangled by an orc priest
  3289 | D:4      | Lost a life (1 life remaining)
  3352 | D:4      | Killed from afar by an orc priest
  3352 | D:4      | Lost a life (0 lives remaining)
  3409 | D:4      | Killed from afar by an orc priest

Illustrated notes

Levels and vault maps discovered:
D:1:      spicycebolla_arrival_xxxplode, layout_loops_cross, serial_shops, shop,
          hellmonk_ecumenical_altar_run_dry
D:2:      layout_basic, basic_altar
D:3:      layout_loops_ring, general_overflow_altar
D:4:      layout_cave_pods, mainiacjoe_overflow_paths,
          mainiacjoe_overflow_small_starburst

Skill      XL: |  1  2  3  4  5  6  7 |
---------------+----------------------+-----
Stealth        | 1 2 3 4 |  4.2
Unarmed Combat | 4 5 |  5.8
Hexes          | 1 2 3 |  3.3
Dodging        | 5 |  5.8
Spellcasting   | 1 |  1.9
Fighting       | 4 |  4.2

Action                     |  1- 3 |  4- 6 |  7- 9 || total
---------------------------+-------+-------+-------++-------
  Melee: Unarmed           |   112 |   114 |    46 ||   272
         Bite              |    16 |     8 |     5 ||    29
         Punch             |     2 |     2 |     4 ||     8
   Cast: Jinxbite          |       |       |     2 ||     2
 Invoke: Foxfire Swarm     |       |       |     1 ||     1
    Use: Potion            |       |     5 |       ||     5
   Stab: Sleeping          |     8 |     5 |     1 ||    14
 Armour: Skin              |    23 |    44 |    19 ||    86
  Dodge: Dodged            |   102 |    89 |    38 ||   229

Table legend: (Time is in decaauts)
 A = Elapsed time spent in this place.
 B = Non-inter-level travel time spent in this place.
 C = Inter-level travel time spent in this place.
 D = Time resting spent in this place.
 E = Time spent auto-exploring this place.
 F = Levels seen in this place.
 G = Mean time per level.
                   A        B        C        D        E       F      G
               +--------+--------+--------+--------+--------+-----+--------+
         Total |   3385 |   3290 |     95 |    143 |   2078 |   4 |  846.2 |
       Dungeon |   3385 |   3290 |     95 |    143 |   2078 |   4 |  846.2 |
               +--------+--------+--------+--------+--------+-----+--------+

Top non-repeatable levels by time:
     D:4: 1164 daAuts
     D:3: 791 daAuts
     D:2: 756 daAuts
     D:1: 673 daAuts
